 Dungeon Crawl Stone Soup version 0.31-a0-700-gf13585253f (webtiles) character file.

Game seed: 4579627552452336578

8143 gruber the Destroyer (level 11, -19/69 HPs)
             Began as a Deep Elf Conjurer on Sept 7, 2023.
             Was a Priest of Vehumet.
             Killed from afar by a gargoyle (32 damage)
             ... with a stone arrow
             ... on level 10 of the Dungeon.
             The game lasted 00:15:02 (12081 turns).

gruber the Destroyer (Deep Elf Conjurer)           Turns: 12081, Time: 00:15:03

Health: -19/69     AC:  5    Str:  4    XL:     11   Next: 6%
Magic:  24/25      EV: 15    Int: 28    God:    Vehumet [***...]
Gold:   563        SH:  0    Dex: 13    Spells: 19/26 levels left

rFire   + . .        I - +2 dagger (protect)
rCold   + . .        (no shield)
rNeg    . . .        t - +1 robe {Will+}
rPois   .            (no helmet)
rElec   .            C - scarf {rC+ rF+}
rCorr   .            d - +1 pair of gloves
SInv    .            (no boots)
Will    ++...        u - amulet of regeneration
Stlth   ++           (no ring)
HPRegen 1.11/turn    (no ring)
MPRegen 0.19/turn

%: no passive effects
@: no status effects
A: no striking features
a: Renounce Religion


You were on level 10 of the Dungeon.
You worshipped Vehumet.
Vehumet was most pleased with you.
You visited 2 branches of the dungeon, and saw 11 of its levels.
You also visited: Sewer and Ossuary.

You collected 563 gold pieces.

Inventory:

Hand Weapons
 I - a +2 dagger of protection (weapon)
Missiles
 H - 3 curare-tipped darts
Armour
 d - a +1 pair of gloves (worn)
 t - a +1 robe of willpower (worn)
 C - a scarf of resistance (worn)
Magical Staves
 p - a staff of fire
Jewellery
 e - a ring of poison resistance
 u - an amulet of regeneration (around neck)
Wands
 s - a wand of roots (4)
 D - a wand of polymorph (8)
 F - a wand of mindburst (16)
Scrolls
 a - 3 scrolls of blinking {unknown}
 h - 2 scrolls of summoning {unknown}
 i - 4 scrolls of enchant weapon {unknown}
 j - 5 scrolls of identify {unknown}
 k - 3 scrolls of silence {unknown}
 l - 4 scrolls of teleportation {unknown}
 n - a scroll of fog {unknown}
 o - a scroll of acquirement {unknown}
 y - 2 scrolls of revelation {unknown}
 B - a scroll of vulnerability {unknown}
 E - 2 scrolls of fear {unknown}
 G - a scroll of enchant armour {unknown}
Potions
 c - a potion of haste {unknown}
 f - 2 potions of attraction {unknown}
 g - 2 potions of curing {unknown}
 m - 4 potions of mutation {unknown}
 q - 4 potions of heal wounds {unknown}
 r - 3 potions of might {unknown}
 v - 2 potions of berserk rage {unknown}
 w - 2 potions of lignification {unknown}
 x - a potion of invisibility {unknown}
 z - a potion of brilliance {unknown}
 A - 7 potions of enlightenment


   Skills:
 - Level 8.8 Fighting
 - Level 8.0 Dodging
 - Level 2.4 Stealth
 * Level 8.0 Spellcasting
 - Level 12.3 Conjurations


You had 19 spell levels left.
You knew the following spells:

 Your Spells              Type           Power      Damage    Failure   Level
a - Magic Dart            Conj           100%       1d8       1%          1
b - Searing Ray           Conj           100%       2d8       1%          2
c - Iskenderun's Mystic   Conj/Tloc      45%        2d10      1%          4

Your spell library contained the following spells:

 Spells                   Type           Power      Damage    Failure   Level
 Scorch                   Fire           22%        2d5       2%          2
 Sandblast                Erth           22%        2d7       1%          1
 Dazzling Flash           Conj/Hex       90%        N/A       1%          3
 Stone Arrow              Conj/Erth      90%        3d12      1%          3
 Fulminant Prism          Conj/Hex       22%        3d12      1%          4
 Frozen Ramparts          Ice            22%        1d4       4%          3
 Passwall                 Tmut/Erth      9%         N/A       8%          2
 Petrify                  Tmut/Erth      11%        N/A       43%         4
 Alistair's Intoxication  Tmut/Pois      7%         N/A       80%         5
 Metabolic Englaciation   Hex/Ice        5%         N/A       80%         5
 Summon Mana Viper        Hex/Summ       11%        N/A       80%         5
 Summon Hydra             Summ           5%         N/A       100%        7


Dungeon Overview and Level Annotations

Branches:
Dungeon (10/15)            Temple (1/1) D:4            Lair (0/5) D:9
  Sewer (visited)         Ossuary (visited)
    Orc: D:9-12

Altars:
Ashenzari
Cheibriados
Dithmenos
Elyvilon
Fedhas
Gozag
Hepliaklqana
Kikubaaqudgha
Makhleb
Nemelex Xobeh
Okawaru
Qazlal
Ru
Sif Muna
Trog
Uskayaw
Vehumet
Wu Jian
Xom
Yredelemnul
Zin
The Shining One

Annotations:
D:4 2 runed translucent doors, TobyConnect's ghost, amateur DsFi


Message History

The gargoyle hurls a stone arrow at you.
The stone arrow misses you.
The searing ray hits the gargoyle but does no damage.
The gargoyle is heavily damaged.
The gargoyle hurls a stone arrow at you.
The stone arrow hits you!
The searing ray hits the gargoyle but does no damage.
The gargoyle is heavily damaged.
The searing ray hits the gargoyle but does no damage.
The gargoyle is heavily damaged.
You finish channelling your searing ray.
Casting: Searing Ray (safe; 1% risk of failure)
Confirm with . or Enter, or press ? or * to list all spells.
You erupt in a blast of force!
The mystic blast hits the gargoyle but does no damage.
The gargoyle is heavily damaged.
The gargoyle hits you with a +0 mace!
Unknown command.
Unknown command.
Casting: Iskenderun's Mystic Blast (dangerous; 1% risk of failure)
Confirm with . or Enter, or press ? or * to list all spells.
You erupt in a blast of force!
The mystic blast hits the gargoyle but does no damage.
The gargoyle is heavily damaged.
The gargoyle hits you with a +0 mace!!
Unknown command.
Unknown command.
Casting: Iskenderun's Mystic Blast (dangerous; 1% risk of failure)
Confirm with . or Enter, or press ? or * to list all spells.
You erupt in a blast of force!
The mystic blast hits the gargoyle but does no damage.
The gargoyle is heavily damaged.
The gargoyle hurls a stone arrow at you.
The stone arrow hits you!
* * * LOW HITPOINT WARNING * * *
Unknown command.
Magic courses through your body.
The gargoyle hurls a stone arrow at you.
The stone arrow hits you!!
You die...

######.≈#≈≈ #.††..
#......~#≈###≈#~.######
#......≈#≈≈≈≈ #≈.......
##......~~~~≈ ≈~######.
.'.........+ #.....
#.........# ####.#
#.........# ####.# #9#
##....# ##@# #..####
#..# ##'#### #.##
#.....# ##.#### #.....#
#.....# #.....#
###.....#######.....##
...............#)....'.
..###.....#####.'....<##
#.....# ###.....##


You could see a gargoyle.

Vanquished Creatures
  2 trolls (D:9)
  A shadow (D:9)
  Sigmund (D:4)
  5 wyverns (D:9)
  A wraith (D:8)
  10 yaks
  A basilisk (D:9)
  A steam dragon (D:10)
  Edmund (D:5)
  Menkaure (D:4)
  7 water moccasins
  4 orc warriors
  2 ice beasts
  3 black bears (D:9)
  3 ogres
  A wolf (D:9)
  A centaur (D:9)
  6 kobold brigands
  Blork the orc (D:4)
  2 bullfrogs (D:7)
  4 elf zombies (Ossuary)
  A scorpion (D:9)
  2 wights (D:9)
  6 killer bees (D:9)
  2 howler monkeys
  2 centaur zombies (Ossuary)
  A hound (D:4)
  9 orc priests
  A jelly (D:6)
  6 human zombies (Ossuary)
  3 sleepcaps
  An iguana (D:9)
  5 orc wizards
  4 mummies
  13 gnolls
  10 adders
  6 river rats (Sewer)
  2 white imps
  An ufetubus (D:6)
  5 worms
  2 dart slugs
  34 orcs
  13 bats
  5 endoplasms
  4 giant cockroaches
  5 hobgoblins
  7 jackals
  6 quokkas
  6 ball pythons
  14 frilled lizards
  3 goblins
  18 kobolds
  3 rats
258 creatures vanquished.

Notes
Turn   | Place    | Note
-------+----------+-------------------------------------------
     0 | D:1      | gruber the Deep Elf Conjurer began the quest for the Orb.
     0 | D:1      | Reached XP level 1. HP: 10/10 MP: 6/6
   212 | D:1      | Reached XP level 2. HP: 15/15 MP: 4/8
   283 | D:1      | Learned a level 2 spell: Searing Ray
   312 | D:1      | Reached skill level 5 in Conjurations
  1344 | D:2      | Reached XP level 3. HP: 19/19 MP: 7/9
  1731 | D:3      | Found a stormy altar of Qazlal.
  2008 | D:3      | Reached skill level 6 in Conjurations
  2008 | D:3      | Reached XP level 4. HP: 21/24 MP: 7/11
  2109 | D:3      | Found a faded altar of an unknown god.
  2783 | D:3      | Identified the +1 ring mail of the Sixty-Six Suns {rPois}
  3171 | D:4      | Found a runed translucent door.
  3174 | D:4      | Noticed TobyConnect's ghost (amateur DsFi)
  3241 | D:4      | Noticed Blork the orc
  3248 | D:4      | Killed Blork the orc
  3249 | D:4      | Reached XP level 5. HP: 25/28 MP: 3/13
  3349 | D:4      | Noticed Sigmund
  3376 | D:4      | Reached skill level 7 in Conjurations
  3380 | D:4      | Noticed Menkaure
  3388 | D:4      | Killed Menkaure
  3389 | D:4      | Reached skill level 5 in Spellcasting
  3389 | D:4      | Reached XP level 6. HP: 32/32 MP: 4/15
  3403 | D:4      | Noticed an orc warrior
  3424 | D:3      | Killed an orc warrior
  3425 | D:3      | Reached skill level 8 in Conjurations
  3539 | D:4      | Found a sand-covered staircase.
  3548 | Ossuary  | Entered an ossuary
  3623 | Ossuary  | Reached XP level 7. HP: 34/36 MP: 7/17
  3769 | Ossuary  | Reached skill level 9 in Conjurations
  4042 | Ossuary  | Reached skill level 10 in Conjurations
  4214 | Ossuary  | Reached XP level 8. HP: 41/41 MP: 19/19
  4322 | D:4      | Learned a level 4 spell: Iskenderun's Mystic Blast
  4392 | D:4      | Killed Sigmund
  4514 | D:4      | Found a runed translucent door.
  4541 | D:4      | Found a staircase to the Ecumenical Temple.
  4625 | D:5      | Entered Level 5 of the Dungeon
  4780 | D:5      | Found a shimmering blue altar of Sif Muna.
  4783 | D:5      | Found an ancient bone altar of Kikubaaqudgha.
  4787 | D:5      | Found an opulent altar of Gozag.
  4812 | D:5      | Noticed Edmund
  4820 | D:5      | Killed Edmund
  4821 | D:5      | Reached skill level 11 in Conjurations
  5018 | D:5      | Found a glowing drain.
  5031 | Sewer    | Entered a sewer
  6717 | Temple   | Entered the Ecumenical Temple
  6726 | Temple   | Became a worshipper of Vehumet
  6835 | D:6      | Reached skill level 12 in Conjurations
  7304 | D:6      | Reached XP level 9. HP: 45/45 MP: 13/20
  7729 | D:7      | Reached skill level 5 in Dodging
  7890 | D:7      | Reached * piety under Vehumet
  7890 | D:7      | Offered knowledge of Kiss of Death by Vehumet.
  8977 | D:8      | Reached skill level 1 in Fighting
  9992 | D:9      | Reached XP level 10. HP: 58/58 MP: 17/21
  9993 | D:9      | Reached skill level 5 in Fighting
  9995 | D:9      | Reached ** piety under Vehumet
  9995 | D:9      | Offered knowledge of Shock by Vehumet.
 10430 | D:9      | Found a staircase to the Lair.
 10688 | D:9      | Offered knowledge of Scorch by Vehumet.
 11086 | D:9      | Found a snail-covered altar of Cheibriados.
 11197 | D:9      | Reached *** piety under Vehumet
 11749 | D:9      | Got the Elucidation of Support and Sculpting
 11816 | D:10     | Entered Level 10 of the Dungeon
 11943 | D:10     | Reached XP level 11. HP: 53/69 MP: 15/23
 12081 | D:10     | Killed from afar by a gargoyle

Illustrated notes

Levels and vault maps discovered:
D:1:      psy_arrival_basics, layout_basic, chequers_serial_rivers_micro_a
D:2:      layout_basic
D:3:      layout_basic, grunt_qazlal_clouds, ebering_ecumenical_altar_petrified,
          minmay_lizard_king
D:4:      layout_rooms, minmay_temple_entry_from_below_b, ebering_ghost_sewer_f,
          gup_ossuary_entry_pyramid, uniq_sigmund, uniq_blork_the_orc,
          uniq_menkaure
D:5:      layout_cave_pods, grunt_temple_overflow_diamond,
          cheibrodos_sewer_entry_bend, serial_bayou_lagoon_a, uniq_edmund
D:6:      layout_rooms
D:7:      layout_basic
D:8:      layout_cave_pools
D:9:      layout_roguey, mainiacjoe_overflow_small_starburst,
          minmay_lair_entry_grove, kennysheep_kite_vault
D:10:     layout_roguey, minmay_crystal_water
Temple:   sentei_temple_godly_chess

Skill      XL: |  1  2  3  4  5  6  7  8  9 10 11 |
---------------+----------------------------------+-----
Conjurations   | 5 6 7 8 10 12 | 12.3
Spellcasting   | 4 5 6 7 8 |  8.0
Dodging        | 4 8 |  8.0
Fighting       | 4 8 |  8.8
Stealth        | |  2.4

Action                     |  1- 3 |  4- 6 |  7- 9 | 10-12 || total
---------------------------+-------+-------+-------+-------++-------
  Melee: Unarmed           |     6 |       |       |       ||     6
         Mace              |       |     4 |    31 |       ||    35
         Punch             |       |       |     1 |       ||     1
   Cast: Magic Dart        |    58 |    35 |   158 |    18 ||   269
         Searing Ray       |     4 |    12 |    57 |    42 ||   115
         Iskenderun's Myst |       |       |    11 |    23 ||    34
  Evoke: Wand              |       |       |       |     1 ||     1
    Use: Potion            |       |       |       |     1 ||     1
 Armour: Robe              |     8 |    10 |    72 |    57 ||   147
         Skin              |       |     1 |       |       ||     1
  Dodge: Dodged            |     7 |    12 |    56 |    44 ||   119

Table legend: (Time is in decaauts)
 A = Elapsed time spent in this place.
 B = Non-inter-level travel time spent in this place.
 C = Inter-level travel time spent in this place.
 D = Time resting spent in this place.
 E = Time spent auto-exploring this place.
 F = Levels seen in this place.
 G = Mean time per level.
                   A        B        C        D        E       F      G
               +--------+--------+--------+--------+--------+-----+--------+
         Total |  12288 |  11677 |    611 |   1090 |   8950 |  13 |  945.2 |
       Dungeon |  10388 |   9783 |    605 |    875 |   7596 |  10 | 1038.8 |
        Temple |     15 |      9 |      6 |      0 |      0 |   1 |   15.0 |
         Sewer |   1167 |   1167 |      0 |      0 |   1010 |   1 | 1167.0 |
       Ossuary |    717 |    717 |      0 |    215 |    344 |   1 |  717.0 |
               +--------+--------+--------+--------+--------+-----+--------+

Top non-repeatable levels by time:
     D:9: 1712 daAuts
     D:7: 1553 daAuts
   Sewer: 1167 daAuts
     D:5: 1163 daAuts
     D:2: 1110 daAuts
     D:1: 1021 daAuts
     D:3: 1014 daAuts
     D:6: 900 daAuts
     D:8: 847 daAuts
     D:4: 800 daAuts
 Ossuary: 717 daAuts
    D:10: 264 daAuts
  Temple: 15 daAuts
